 Dungeon Crawl Stone Soup version 0.17.0-1-g61d176b (webtiles) character file.

1416 Gorice the Stinger (level 8, -14/52 HPs)
             Began as an Octopode Wanderer on Nov 6, 2015.
             Was a Follower of Sif Muna.
             Shot with a sling bullet of frost by Joseph (20 damage)
             ... on level 7 of the Dungeon on Nov 7, 2015.
             The game lasted 00:42:59 (7682 turns).

Gorice the Stinger (Octopode Wanderer)              Turns: 7682, Time: 00:42:59

Health: -14/52     AC:  1    Str: 14    XL:     8   Next: 71%
Magic:  11/16      EV: 11    Int: 19    God:    Sif Muna [*.....]
Gold:   245        SH:  0    Dex: 11    Spells: 4 memorised, 10 levels left

rFire  . . .     SeeInvis .     w - +2 falchion (holy)
rCold  . . .     Clarity  .     (no shield)
rNeg   . . .     SustAt   .     (helmet restricted)
rPois  .         Gourm    .     (no amulet)
rElec  .         Spirit   .     (no ring)
rCorr  .         Warding  .     (no ring)
rMut   .         Stasis   .     (no ring)
MR     .....                    (no ring)
Stlth  +++.......               (no ring)
                                (no ring)
                                (no ring)
                                (no ring)

@: mighty, very slightly contaminated, hasted, very quick, not resistant to
hostile enchantments, fairly stealthy
A: almost no armour, amphibious, 8 rings, constrict 8, camouflage 1, gelatinous
body 1
a: Channel Energy, Renounce Religion


You were on level 7 of the Dungeon.
You worshipped Sif Muna.
Sif Muna was aware of your devotion.
You were not hungry.

You visited 2 branches of the dungeon, and saw 10 of its levels.

You collected 245 gold pieces.

Inventory:

Hand Weapons
 a - a +0 trident
 b - a +0 hunting sling
 r - a +4 whip
 u - a +0 quarterstaff
 w - a +2 falchion of holy wrath (weapon)
   (You found it on level 4 of the Dungeon)
 y - a +0 halberd
 B - a +0 blowgun
Missiles
 x - 5 tomahawks (quivered)
 z - 33 poisoned needles
 Y - a throwing net
 Z - 142 stones
Jewellery
 A - an uncursed ring of teleportation
Wands
 q - a wand of paralysis (13)
Scrolls
 g - 2 scrolls of enchant armour
 l - a scroll of remove curse
 s - a scroll of teleportation {!r}
 C - 2 scrolls of amnesia
 D - a scroll of random uselessness {unknown}
Potions
 f - a potion of brilliance {!q}
 h - a potion of curing {unknown}
 m - a potion of magic {unknown}
 p - a potion of might {!q}
 v - 2 potions of agility {unknown}
Books
 c - the Volume of the Hundredfold Suns

   Spells                             Type                      Level
   a - Summon Small Mammal            Summoning                    1
   b - Recall                         Summoning/Translocation      3
 j - a Young Poisoner's Handbook
Comestibles
 d - 3 bread rations {!e}
 k - 3 fruits
 n - a meat ration {!e}


   Skills:
 - Level 3.0 Fighting
 - Level 0.2 Polearms
 - Level 1.0 Throwing
 - Level 1.3 Stealth
 + Level 5.4 Spellcasting
 * Level 6.6 Conjurations
 - Level 1.0 Summonings
 + Level 7.1 Poison Magic


You had 10 spell levels left.
You knew the following spells:

 Your Spells              Type           Power        Failure   Level  Hunger
a - Sting                 Conj/Pois      ####         1%          1    None
b - Summon Small Mammal   Summ           #...         10%         1    None
c - Cure Poison           Pois           ####......   1%          2    None
d - Mephitic Cloud        Conj/Pois/Air  ###.....     8%          3    ##.....


Dungeon Overview and Level Annotations

Branches:
Dungeon (9/15)             Temple (1/1) D:5
   Lair: D:8-11         Orc: D:9-12

Altars:
Ashenzari
Cheibriados
Dithmenos
Elyvilon
Fedhas
Gozag
Kikubaaqudgha
Makhleb
Nemelex Xobeh
Qazlal
Ru
Sif Muna
Trog
Vehumet
Xom
Yredelemnul
The Shining One

Annotations:
D:2 vault behind glass with gnoll??
D:5 Pikel
D:7 Joseph
D:8 UX: shaft passthru


Innate Abilities, Weirdness & Mutations

You cannot wear most types of armour.
You are amphibious.
You can wear up to eight rings at the same time.
You can use your tentacles to constrict eight enemies at once.
Your skin changes colour to match your surroundings (Stealth).
Your rubbery body absorbs attacks (AC +1).


Message History

You start resting.
You feel less woody.
Damage: 17 (max 17)
x - 3 tomahawks (gained 1)
x - 4 tomahawks (gained 1)
x - 5 tomahawks (gained 1)
There is a stone staircase leading down here.
Joseph, a Mercenary comes into view.
He is wielding a quarterstaff of speed.
Joseph shouts!
Joseph unwields an uncursed quarterstaff of speed.
Joseph wields a hunting sling.
Joseph shoots a sling bullet of frost.
The sling bullet of frost hits you! The sling bullet of frost freezes you!
Things that are here:
a sling bullet of frost; 15 gold pieces; Damage: 20 (max 20) Cast which spell? (? or * to list)
Aiming: Mephitic Cloud
Press: ? - help, Shift-Dir - straight line, f - Joseph
Aim: Joseph, wielding a hunting sling and wearing a leather armour The ball explodes into a vile cloud!
The stinking cloud engulfs Joseph.
Joseph is engulfed in noxious fumes.
Joseph shoots a sling bullet of frost.
The sling bullet of frost completely misses you.
Joseph is engulfed in noxious fumes.
Joseph shoots a sling bullet of frost.
The sling bullet of frost hits you!
* * * LOW HITPOINT WARNING * * *
The sling bullet of frost freezes you.
* * * LOW HITPOINT WARNING * * *
Damage: 12 (max 20) Unknown command.
Drink which item? (? for menu, Esc to quit)
Okay, then.
Read which item? (? for menu, Esc to quit)
Okay, then.
Drink which item? (? for menu, Esc to quit)
Okay, then.
Casting: Mephitic Cloud
Confirm with . or Enter, or press ? or * to list all spells.
Aiming: Mephitic Cloud
Press: ? - help, Shift-Dir - straight line, f/p - Joseph
Aim: Joseph, wielding a hunting sling and wearing a leather armour (noxious fumes, lightly wounded)
The ball explodes into a vile cloud!
The stinking cloud engulfs Joseph.
Joseph is lightly wounded.
Drink which item? (? for menu, Esc to quit)
Really quaff
e - a potion of haste {!q}?
You feel yourself speed up.
Joseph is engulfed in noxious fumes.
Joseph shoots a sling bullet of frost.
The sling bullet of frost completely misses you.
You are very lightly contaminated with residual magic.
Joseph smiles happily.
Joseph shoots a sling bullet of frost.
The sling bullet of frost hits you!!
You die...

.# ##...# #.###
...#.#######.....#
......§§..#.....#
......§........#
.. #@# #. #.#
#.#####@#
#.@.....#
######..# #..#
#..# #.#######.>#
#..........#
.......###.##
######. #.# #. #.#


You could see Joseph.

Vanquished Creatures
  A hungry ghost (D:7)
  An orc warrior (D:5)
  A sky beast (D:4)
  4 phantoms
  A water moccasin skeleton (D:5)
  A giant frog zombie (D:5)
  A crimson imp (D:3)
  A giant frog skeleton (D:5)
  A hound (D:4)
  3 orc priests
  3 orc wizards
  6 worker ants
  5 gnolls
  6 adders
  An ooze (D:1)
  A shadow imp (D:5)
  4 worms
  28 orcs
  3 giant cockroaches
  13 goblins
  10 hobgoblins
  10 jackals
  2 quokkas (D:3)
  13 bats
  3 giant geckos
  6 giant newts
  10 kobolds
  5 rats
144 creatures vanquished.

Notes
Turn   | Place    | Note
--------------------------------------------------------------
     0 | D:1      | Gorice the Octopode Wanderer began the quest for the Orb.
     0 | D:1      | Gorice set off with: a Young Poisoner's Handbook, a +0 spear, the Volume of the Hundredfold Suns, a bread ration
     0 | D:1      | Reached XP level 1. HP: 16/16 MP: 3/3
     0 | D:1      | Identified the Volume of the Hundredfold Suns
     2 | D:1      | Learned a level 1 spell: Sting
     4 | D:1      | Learned a level 1 spell: Summon Small Mammal
   240 | D:1      | Reached XP level 2. HP: 5/21 MP: 1/5
   595 | D:1      | Reached XP level 3. HP: 17/26 MP: 1/7
  1001 | D:1      | Found a glowing golden altar of the Shining One.
  1282 | D:1      | Learned a level 2 spell: Cure Poison
  1558 | D:2      | Reached XP level 4. HP: 31/31 MP: 1/8
  1865 | D:2      | Reached skill level 1 in Conjurations
  1915 | D:2      | Learned a level 3 spell: Mephitic Cloud
  2767 | D:3      | Reached skill level 4 in Poison Magic
  3276 | D:3      | HP: 9/31 [crimson imp (1)]
  3279 | D:3      | Reached skill level 2 in Conjurations
  3279 | D:3      | Reached XP level 5. HP: 29/36 MP: 9/9
  4035 | D:4      | Reached XP level 6. HP: 28/42 MP: 5/11
  4150 | D:4      | Reached skill level 3 in Conjurations
  4223 | D:4      | Upgraded the game from 0.17.0 to 0.17.0-1-g61d176b
  4258 | D:4      | Reached skill level 5 in Poison Magic
  4586 | D:4      | Found a bloodstained altar of Trog.
  4716 | D:4      | Noticed a phantom
  4733 | D:4      | Reached skill level 4 in Spellcasting
  5133 | D:5      | Entered Level 5 of the Dungeon
  5145 | D:5      | Found an ancient bone altar of Kikubaaqudgha.
  5213 | D:5      | Reached XP level 7. HP: 46/46 MP: 9/13
  5249 | D:5      | Reached skill level 4 in Conjurations
  5314 | D:5      | HP: 10/46 [giant frog zombie (4)]
  5321 | D:5      | HP: 9/69 [giant frog zombie (4)]
  5545 | D:5      | Noticed Pikel
  5637 | D:4      | Killed a phantom
  5700 | D:5      | Found a stormy altar of Qazlal.
  5714 | D:5      | HP: 13/46 [sky beast (6)]
  5717 | D:4      | Reached skill level 5 in Conjurations
  5717 | D:4      | Reached skill level 6 in Poison Magic
  5942 | D:5      | Found a staircase to the Ecumenical Temple.
  5944 | D:5      | Reached XP level 8. HP: 45/52 MP: 12/15
  6078 | Temple   | Entered the Ecumenical Temple
  6323 | Temple   | Became a worshipper of Sif Muna the Loreminder
  6425 | D:5      | Reached skill level 5 in Spellcasting
  6792 | D:5      | Found a bloodstained altar of Trog.
  7055 | D:5      | Reached skill level 6 in Conjurations
  7273 | D:6      | You fall through a shaft for 3 floors!
  7373 | D:8      | Reached skill level 7 in Poison Magic
  7633 | D:7      | Reached * piety under Sif Muna
  7671 | D:7      | Noticed Joseph
  7674 | D:7      | HP: 9/52 [Joseph/sling bullet of frost (8)]
  7682 | D:7      | Shot with a sling bullet of frost by Joseph

Action                   |  1- 3 |  4- 6 |  7- 9 || total
-------------------------+-------+-------+-------++-------
Melee: Spear             |    43 |    15 |       ||    58
       Trident           |       |    70 |    34 ||   104
       Falchion          |       |     3 |    56 ||    59
 Fire: Hunting sling     |       |     5 |    18 ||    23
Throw: Stone             |     2 |     1 |       ||     3
       Tomahawk          |       |       |    10 ||    10
 Cast: Sting             |    59 |   141 |    63 ||   263
       Cure Poison       |       |     3 |     2 ||     5
       Mephitic Cloud    |       |       |     6 ||     6
  Use: Scroll            |     7 |     7 |       ||    14
       Potion            |       |     1 |     5 ||     6
 Stab: Sleeping          |     6 |     2 |     1 ||     9
  Eat: Chunk             |     2 |    12 |     6 ||    20
       Beef jerky        |       |       |     2 ||     2
       Fruit             |       |       |     4 ||     4
       Meat ration       |       |       |     1 ||     1
       Royal jelly       |       |       |     1 ||     1

Table legend:
 A = Turns spent in this place as a percentage of turns spent in the entire game.
 B = Non-inter-level travel turns spent in this place as a percentage of non-inter-level travel turns spent in the entire game.
 C = Inter-level travel turns spent in this place as a percentage of turns spent in this place.
 D = Turns resting spent in this place as a percentage of non-inter-level travel turns spent in this place.
 E = Turns spent auto-exploring this place as a percentage of non-inter-level travel turns spent in this place.
 F = Non-inter-level travel turns spent in this place divided by the number of levels of this place that you've seen.
                   A       B       C       D       E      F
               +-------+-------+-------+-------+-------+----------------------
         Total | 100.0 | 100.0 |   0.6 |   5.6 |   6.1 | 224.7
       Dungeon |  99.1 |  99.2 |   0.5 |   5.6 |   5.5 | 247.7
        Temple |   0.9 |   0.8 |  10.0 |   0.0 |  83.3 |  18.0
               +-------+-------+-------+-------+-------+----------------------

Vault maps used:
D:1:      tarquinn_simple_flora_water_f, tso_metal_star
D:2:      first_bread, tgw_xom
D:4:      overflow_temple_1_default
D:5:      kennysheep_mini_moat, nicolae_overflow_crystal_walls,
          minmay_temple_entry_statues_pillars, basic_altar,
          hangedman_decor_diamond_cutter, uniq_pikel
D:6:      minmay_misc_feat_tiny
D:7:      corner_web_ring, minmay_misc_feat_iff, lemuel_tele_altar, uniq_joseph
D:8:      gammafunk_temple_overflow_pools
D:9:      serial_shops, nicolae_shop_waterfront, the_bakery, uniq_maurice
Temple:   minmay_temple_curvy_14
